 Dungeon Crawl Stone Soup version 0.14.1-24-gbdbe590 (webtiles) character file.

185588 Kenran the Slayer (level 17, -18/173 HPs)
             Began as a Minotaur Berserker on June 19, 2014.
             Was the Champion of Trog.
             Killed from afar by a frost giant (40 damage)
             ... with a bolt of cold
             ... on Level 2 of the Depths.
             The game lasted 03:07:11 (37907 turns).

Kenran the Slayer (Minotaur Berserker)             Turns: 37907, Time: 03:07:11

HP -18/173       AC 24     Str 22      XL: 17   Next: 73%
MP  15/15        EV 15     Int  4      God: Trog [******]
Gold 2624        SH  0     Dex 17      Spells:  0 memorised, 16 levels left

rFire  . . .     SeeInvis .     L - +4,+8 shillelagh "Devastator"
rCold  . . .     Clarity  .     d - +5 scale mail of Liberalism {MR++ Acc+4}
rNeg   + . .     Conserve .     (no shield)
rPois  +         rCorr    +     (helmet unavailable)
rElec  .         rRot     .     h - +2 cloak of Mezcal {rN+}
SustAb . .       Spirit   .     P - +0 pair of gloves
rMut   .         Warding  .     B - +1 pair of boots
Saprov . . .     Stasis   .     o - amulet of resist corrosion
MR     +++..                    b - ring of Shionamn {rPois MP+9 Dam+4 Stlth--}
                                T - +5,+5 ring of slaying

@: exhausted, slowed, very slow, extremely resistant to hostile enchantments,
extremely unstealthy
A: retaliatory headbutt, horns 3, blink 1, sense surroundings 1
a: Blink, Burn Spellbooks, Berserk, Trog's Hand, Brothers in Arms, Renounce
Religion


You were on level 2 of the Depths.
You worshipped Trog.
Trog was exalted by your worship.
You were not hungry.

You visited 6 branches of the dungeon, and saw 34 of its levels.
You also visited: Ossuary and Ice Cave.

You collected 3816 gold pieces.
You spent 1192 gold pieces at shops.

Inventory:

Hand weapons
 k - a +1,+5 anti-magic eveningstar
 q - a +5,+4 dire flail
 s - a +0,+3 anti-magic scimitar
 E - a +0,+7 anti-magic great mace
 L - the +4,+8 shillelagh "Devastator" (weapon)
   (You found it on level 1 of the Lair of Beasts)
 U - the +3,+12 dire flail of Chagrin {crush, +Inv}
   (Trog gifted it to you on level 4 of the Snake Pit)

   It inflicts extra damage upon your enemies.
   It lets you turn invisible.
Armour
 d - the +5 scale mail of Liberalism (worn) {MR++ Acc+4}
   (You found it on level 1 of the Snake Pit)

   It affects your accuracy with ranged weapons and melee attacks (+4).
   It affects your resistance to hostile enchantments.
 h - the +2 cloak of Mezcal (worn) {rN+}
   (You found it on level 15 of the Dungeon)

   It protects you from negative energy.
 B - a +1 pair of boots (worn)
 P - a +0 pair of gloves (worn)
Magical devices
 l - a wand of digging (5) {unknown}
 p - a wand of teleportation (3) {unknown}
Comestibles
 c - 8 bread rations
 n - a slice of pizza
 M - 2 meat rations
Scrolls
 i - 3 scrolls of recharging
 m - 5 scrolls of magic mapping
 r - 3 scrolls of fear
 v - 3 scrolls of teleportation
 N - 7 scrolls of remove curse
 S - a scroll of fog
 Z - 2 scrolls of enchant weapon I
Jewellery
 b - the ring of Shionamn (right hand) {rPois MP+9 Dam+4 Stlth--}
   (You bought it in a shop on level 4 of the Orcish Mines)

   [ring of magical power]

   It affects your damage with ranged weapons and melee attacks (+4).
   It protects you from poison.
   It makes you much less stealthy.
 j - an uncursed amulet of guardian spirit
 o - an amulet of resist corrosion (around neck)
 x - an uncursed ring of sustain abilities
 y - a +4 ring of dexterity
 A - an uncursed ring of flight
 C - an uncursed ring of ice
 T - a +5,+5 ring of slaying (left hand)
 V - an uncursed ring of sustain abilities
Potions
 a - 4 potions of might
 e - a potion of coagulated blood
 g - 8 potions of curing
 t - 4 potions of haste
 w - 2 potions of resistance
 F - 4 potions of flight
 G - 2 potions of berserk rage {unknown}
 J - a potion of cure mutation {unknown}
 R - a potion of paralysis {unknown}
 Y - a potion of mutation {unknown}
Miscellaneous
 u - a crystal ball of energy
 H - a fan of gales
 I - a box of beasts


   Skills:
 - Level 21.0 Fighting
 - Level 20.0 Maces & Flails
 + Level 19.3 Armour
 - Level 10.4 Dodging
   Level 5.1 Shields


You had 16 spell levels left.
You didn't know any spells.

Dungeon Overview and Level Annotations

Branches:
Dungeon (15/15)            Temple (0/1) D:6             Orc (4/4) D:10
    Elf (1/3) Orc:4          Lair (8/8) D:9          Shoals (0/5) Lair:3
  Snake (4/5) Lair:4        Slime (0/6) Lair:8       Vaults (0/5) D:13
 Depths (2/5) D:15

Altars:
Dithmenos
Kikubaaqudgha
Sif Muna
Vehumet
Xom
The Shining One

Shops:
D:8 [   D:10 *   Orc:1 !   Orc:4 =??%

Portals:
Hell: Depths:1


Innate Abilities, Weirdness & Mutations

You reflexively headbutt those who attack you in melee.
You have a pair of large horns on your head.
You can translocate small distances at will.
You passively map a small area around you.


Message History

You hear a splash. x2
The merfolk javelineer drinks a potion.
The merfolk javelineer flickers and vanishes!
Deactivating autopickup; reactivate with Ctrl-A.
The lich casts a spell at you. The bolt of fire hits you!
* * * LOW HITPOINT WARNING * * *
The tree burns like a torch!
There is an open door here.
Items here: %% ))) [ You enter the shallow water.
Moving in this stuff is going to be slow.
You feel a strong urge to attack something.
You are no longer berserk.
You are exhausted.
You feel yourself slow down. The frost giant casts a spell at you.
The bolt of cold hits you!
One of your 3 pink potions freezes and shatters!
You die...

...## #.....# ##. ..##
############## **** *##
(## * ♣♣♣♣≈♣♣♣♣ * * # ##
**♣♣♣♣≈≈≈♣♣♣♣* * ≈≈ #
*♣♣♣♣≈≈≈≈≈♣♣♣♣ * ≈≈≈
#♣♣♣≈≈≈≈≈≈≈♣♣♣# *≈≈≈≈ *
#♣♣≈≈♣≈≈≈♣≈≈♣♣#♣♣≈≈♣≈≈
####♣≈≈≈≈...≈≈≈≈§#♣§≈≈x...
...)≈≈≈≈≈.♣.≈≈≈≈@)§C{≈≈(♣.
≈
####♣≈≈≈≈.).≈≈≈≈♣#♣L≈≈≈.$.
≈ * #♣♣≈≈♣≈≈≈♣≈≈♣♣#♣♣≈≈♣≈≈
#♣♣♣≈≈≈≈≈≈≈♣♣♣# **≈≈≈≈≈ *
*♣♣♣♣≈≈≈≈≈♣♣♣♣ * ≈≈≈ ##
,**♣♣♣♣≈≈≈♣♣♣♣** ≈ #. ,, *
♣♣♣♣≈♣♣♣♣ * * #. ,*
*####### *#. ≈* * #.


You could see a frost giant and a lich.

Vanquished Creatures
  Vashnia (Snake:2)
  Rupert (Lair:7)
  A tengu reaver (Depths:2)
  2 fire giants (Depths:2)
  2 frost giants
  A greater naga (Snake:4)
  Gastronok (D:9)
  6 stone giants
  3 dire elephants
  The ghost of germz the Fighter, a powerful DsFi of Yredelemnul (D:12)
  2 ettins (Depths:2)
  A deep elf death mage (Elf:1)
  4 vault guards (D:13)
  4 ogre magi
  4 fire dragons
  2 great orbs of eyes
  Fannar (D:13)
  11 hydras
  Harold (D:10)
  4 anacondas
  3 naga warriors
  The ghost of Kenran the Cleaver, an experienced MiFi of Makhleb (D:9)
  13 death yaks (Depths:1)
  A tengu warrior (Depths:1)
  A deep troll earth mage (Depths:1)
  3 catoblepae (Lair:8)
  5 naga sharpshooters
  Urug (Snake:1)
  A spectral elf (Elf:1)
  8 shock serpents
  5 very ugly things (Depths:1)
  6 centaur warriors
  6 deep elf knights
  An iron troll (Depths:1)
  An ice devil (Orc:4)
  2 wizards
  A salamander mystic (Snake:4)
  3 unseen horrors
  An orb spider (shapeshifter) (Elf:1)
  4 naga ritualists
  6 deep trolls
  A necromancer (D:15)
  An ice statue (IceCv)
  Pikel (D:8)
  A deep elf summoner (Elf:1)
  7 mana vipers
  8 hill giants
  5 deep elf conjurers
  2 oklob plants
  An orc knight (Orc:4)
  2 griffons (Lair:8)
  3 orc sorcerers (Orc:4)
  6 salamanders
  3 manticores
  9 elephants (Lair:8)
  3 cyclopes
  17 black mambas
  2 spiny frogs (shapeshifter)
  A feature mimic (Orc:4)
  An item mimic (Snake:1)
  A queen ant (D:12)
  8 naga magi
  13 spiny frogs
  5 fire drakes
  15 yaktaurs
  A centaur zombie (D:12)
  A gargoyle (D:12)
  2 freezing wraiths
  5 deep elf priests
  14 trolls
  9 komodo dragons
  A blue devil (Depths:1)
  11 polar bears (IceCv)
  11 two-headed ogres
  Sonja (D:15)
  2 tengu conjurers
  13 slime creatures
  Prince Ribbit (D:8)
  A hydra skeleton (D:15)
  3 basilisks
  A boulder beetle (Lair:8)
  11 blink frogs
  2 ravens (Depths:1)
  A trapdoor spider (D:11)
  A wyvern (Lair:8)
  5 redbacks (Lair:5)
  5 water elementals
  A vampire (Depths:1)
  46 yaks
  A tarantella (Lair:5)
  11 deep elf magi
  2 hill giant zombies
  6 elephant slugs
  3 vampire mosquitoes
  11 hippogriffs
  2 sharks
  24 ugly things
  2 steam dragons
  A hungry ghost (D:14)
  A warg (D:10)
  7 deep elf fighters
  16 nagas
  31 water moccasins
  Menkaure (D:6)
  2 hill giant skeletons
  A deep troll zombie (Orc:4)
  3 ogre zombies
  18 soldier ants (D:12)
  A spectral spiny frog (Elf:1)
  17 wolves
  2 mottled dragons
  14 porcupines
  A tengu skeleton (D:15)
  4 slaves (D:8)
  A sky beast (shapeshifter) (D:13)
  3 swamp drakes (Lair:8)
  An elf zombie (D:15)
  3 phantoms
  A sky beast (D:13)
  7 ice beasts
  An ice beast (shapeshifter) (Elf:1)
  13 orc warriors
  2 yellow wasps
  A lost soul (Elf:1)
  8 centaurs
  2 giant goldfish (Lair:3)
  A crocodile (shapeshifter) (Depths:1)
  Sigmund (D:5)
  3 boring beetles
  31 ogres
  A big kobold (D:8)
  4 lava worms (D:12)
  12 giant slugs
  13 crocodiles
  Blork the orc (D:4)
  A komodo dragon zombie (D:14)
  A gnoll sergeant (D:9)
  27 giant frogs
  A komodo dragon skeleton (D:13)
  4 killer bees
  3 scorpions
  A tengu zombie (D:15)
  2 crimson imps
  A lava snake (D:12)
  9 wights
  A big fish (D:13)
  3 goliath beetles
  12 orc priests
  4 jellies
  2 giant frog skeletons
  A giant frog zombie (D:11)
  6 hounds
  2 electric eels (D:13)
  6 iguanas
  19 orc wizards
  Natasha (thrice) (D:3)
  An orange rat (D:7)
  13 sheep
  39 worker ants
  Ijyb (D:3)
  Jessica (D:2)
  A hound skeleton (D:9)
  Terence (D:3)
  3 mummies
  73 green rats
  6 gnolls
  21 adders
  5 shadow imps
  An orc skeleton (D:8)
  A mottled dragon simulacrum (D:15)
  12 white imps (D:12)
  2 giant mites
  4 worms
  A giant eyeball (Depths:1)
  5 giant geckos
  2 oozes
  147 orcs
  8 ball pythons
  21 bats
  6 giant cockroaches
  6 gnoll zombies (Ossuary)
  17 goblins
  14 hobgoblins
  3 giant newts
  6 goblin zombies
  A hobgoblin zombie (Ossuary)
  16 jackals
  21 kobolds
  A kobold skeleton (D:4)
  4 orc zombies
  13 quokkas
  34 rats
  A rat skeleton (D:5)
  15 fungi
  A plant (Lair:8)
1320 creatures vanquished.

Vanquished Creatures (collateral kills)
  A fungus (Lair:2)
1 creature vanquished.

Vanquished Creatures (others)
  A deep elf mage (Elf:1)
  A sky beast (D:7)
  3 orcs (D:5)
  3 giant spores
  12 fungi
  3 plants (Lair:8)
23 creatures vanquished.

Grand Total: 1344 creatures vanquished

Notes
Turn   | Place    | Note
--------------------------------------------------------------
     0 | D:1      | Kenran, the Minotaur Berserker, began the quest for the Orb.
     0 | D:1      | Reached XP level 1. HP: 19/19 MP: 1/1
    68 | D:1      | Reached skill level 4 in Maces & Flails
    99 | D:1      | Reached XP level 2. HP: 13/26 MP: 1/1
   165 | D:1      | Acquired Trog's second power
   291 | D:1      | Reached skill level 5 in Maces & Flails
   541 | D:2      | Reached XP level 3. HP: 31/31 MP: 2/2
   543 | D:2      | Found an ancient bone altar of Kikubaaqudgha.
   826 | D:2      | Noticed Jessica
   840 | D:2      | Killed Jessica
  1041 | D:2      | Reached XP level 4. HP: 32/39 MP: 2/2
  1174 | D:2      | Reached skill level 6 in Maces & Flails
  1624 | D:3      | Noticed Natasha
  1629 | D:3      | Killed Natasha
  1629 | D:3      | Reached skill level 7 in Maces & Flails
  1629 | D:3      | Reached XP level 5. HP: 38/45 MP: 2/2
  1655 | D:3      | Noticed Ijyb
  1669 | D:3      | Killed Ijyb
  1673 | D:3      | Noticed Natasha
  1681 | D:3      | Killed Natasha
  1874 | D:3      | Noticed Terence
  1879 | D:3      | Killed Terence
  1890 | D:3      | Noticed Natasha
  1895 | D:3      | Killed Natasha
  2167 | D:4      | Reached skill level 8 in Maces & Flails
  2174 | D:4      | Reached XP level 6. HP: 47/51 MP: 3/3
  2184 | D:4      | Acquired Trog's third power
  2275 | D:4      | Found a sand-covered staircase.
  2413 | Ossuary  | Entered an ossuary
  2777 | D:4      | Noticed a phantom
  2808 | D:4      | Killed a phantom
  2808 | D:4      | Reached skill level 9 in Maces & Flails
  2896 | D:4      | Noticed Blork the orc
  2909 | D:4      | Killed Blork the orc
  2909 | D:4      | Reached XP level 7. HP: 57/57 MP: 3/3
  3314 | D:5      | Entered Level 5 of the Dungeon
  3353 | D:5      | Noticed Sigmund
  3394 | D:5      | Killed Sigmund
  3394 | D:5      | Reached skill level 10 in Maces & Flails
  4322 | D:5      | Found a radiant altar of Vehumet.
  4324 | D:5      | Found a glowing golden altar of the Shining One.
  4324 | D:5      | Found a shadowy altar of Dithmenos.
  4415 | D:6      | Reached skill level 11 in Maces & Flails
  4630 | D:6      | Found a staircase to the Ecumenical Temple.
  4679 | D:6      | Reached XP level 8. HP: 43/64 MP: 3/3
  4974 | D:6      | Noticed Menkaure
  5097 | D:7      | Reached skill level 12 in Maces & Flails
  5223 | D:7      | Received a gift from Trog
  5377 | D:7      | Reached skill level 5 in Fighting
  5734 | D:7      | Identified a scroll of acquirement
  6140 | D:7      | Reached XP level 9. HP: 78/82 MP: 4/4
  6269 | D:6      | Killed Menkaure
  6443 | D:6      | Reached skill level 5 in Armour
  6634 | D:8      | Found Coumewae's Antique Armour Shoppe.
  6644 | D:8      | Bought a pair of boots for 76 gold pieces
  6659 | D:8      | Noticed Prince Ribbit
  6672 | D:8      | Killed Prince Ribbit
  6730 | D:8      | Found a shadowy altar of Dithmenos.
  6932 | D:8      | Noticed Pikel
  6979 | D:8      | Killed Pikel
  7610 | D:10     | Entered Level 10 of the Dungeon
  7613 | D:10     | Noticed Harold
  7944 | D:9      | Noticed Gastronok
  7958 | D:9      | Killed Gastronok
  7958 | D:9      | Reached XP level 10. HP: 90/90 MP: 4/4
  8095 | D:9      | Noticed Kenran's ghost (experienced MiFi)
  8115 | D:9      | Received a gift from Trog
  8124 | D:9      | Killed Kenran's ghost
  8381 | D:9      | Found a staircase to the Lair.
  8412 | Lair:1   | Entered Level 1 of the Lair of Beasts
  8691 | Lair:1   | Reached skill level 13 in Maces & Flails
  8958 | Lair:1   | Reached skill level 5 in Dodging
  9214 | Lair:1   | Reached skill level 14 in Maces & Flails
  9296 | Lair:1   | Noticed an eight-headed hydra
  9472 | Lair:2   | Reached XP level 11. HP: 95/95 MP: 4/4
 10258 | Lair:3   | Found a staircase to the Shoals.
 10266 | Lair:3   | Reached skill level 15 in Maces & Flails
 10796 | Lair:3   | Noticed a six-headed hydra
 11567 | Lair:3   | Reached skill level 10 in Fighting
 11788 | Lair:3   | Killed a six-headed hydra
 11955 | Lair:3   | Received a gift from Trog
 12079 | Lair:1   | Killed an eight-headed hydra
 12624 | D:10     | Noticed a seven-headed hydra
 12636 | D:10     | Killed a seven-headed hydra
 12636 | D:10     | Reached skill level 16 in Maces & Flails
 12685 | D:10     | Killed Harold
 12685 | D:10     | Reached XP level 12. HP: 110/110 MP: 5/5
 12896 | D:10     | Found a staircase to the Orcish Mines.
 12939 | D:10     | Noticed a hill giant
 12949 | D:10     | Killed a hill giant
 13145 | D:10     | Found Marchuing's Assorted Antiques.
 13155 | D:10     | Bought a scroll labeled PRAIN COLYU for 27 gold pieces
 13597 | D:11     | Reached skill level 17 in Maces & Flails
 13708 | D:11     | Noticed a five-headed hydra
 13715 | D:11     | Killed a five-headed hydra
 13953 | Orc:1    | Entered Level 1 of the Orcish Mines
 14075 | Orc:1    | Found Qaba's Distillery.
 14110 | Orc:1    | Bought a potion of heal wounds for 33 gold pieces
 14312 | Orc:2    | Received a gift from Trog
 15764 | Lair:4   | Received a gift from Trog
 16153 | Lair:4   | Found a deep blue altar of Sif Muna.
 16197 | Lair:4   | Found a staircase to the Snake Pit.
 16637 | Lair:5   | Received a gift from Trog
 17363 | Lair:5   | Reached XP level 13. HP: 107/124 MP: 5/5
 17364 | Lair:5   | Noticed a four-headed hydra
 17374 | Lair:5   | Killed a four-headed hydra
 18004 | Lair:6   | Reached skill level 15 in Fighting
 18600 | D:12     | Received a gift from Trog
 18618 | D:12     | Found a frozen archway.
 18711 | IceCv    | Entered an ice cave
 19332 | IceCv    | Noticed a frost giant
 19358 | IceCv    | Killed a frost giant
 19358 | IceCv    | Reached skill level 18 in Maces & Flails
 19887 | D:12     | Noticed germz's ghost (powerful DsFi)
 19898 | D:12     | Killed germz's ghost
 20316 | D:12     | Received a gift from Trog
 21545 | D:14     | Received a gift from Trog
 22041 | D:14     | Reached XP level 14. HP: 135/135 MP: 5/5
 22147 | D:14     | Reached skill level 19 in Maces & Flails
 22909 | D:15     | Entered Level 15 of the Dungeon
 23167 | D:15     | Received a gift from Trog
 23331 | D:15     | Noticed Sonja
 23350 | D:15     | Killed Sonja
 23565 | D:15     | Got an ichor-stained cloak
 23566 | D:15     | Identified the +2 cloak of Mezcal {rN+} (You found it on level 15 of the Dungeon)
 23650 | D:15     | Reached skill level 20 in Maces & Flails
 23691 | D:15     | Reached skill level 1 in Shields
 23809 | D:15     | Found a staircase to the Depths.
 24525 | D:14     | Reached skill level 10 in Dodging
 24546 | D:13     | Noticed Fannar
 24563 | D:13     | Killed Fannar
 24851 | D:13     | Received a gift from Trog
 25102 | D:13     | Found a gate to the Vaults.
 25113 | D:13     | Reached skill level 5 in Shields
 25792 | Lair:7   | Received a gift from Trog
 25793 | Lair:7   | Got a crude dagger {god gift}
 25847 | Lair:7   | Found a labyrinth entrance.
 25847 | Lair:7   | Noticed Rupert
 25857 | Lair:7   | Killed Rupert
 26731 | Lair:7   | Reached XP level 15. HP: 143/143 MP: 6/6
 26763 | Lair:8   | Entered Level 8 of the Lair of Beasts
 27496 | Lair:8   | Received a gift from Trog
 27903 | Lair:8   | Received a gift from Trog
 28339 | Lair:8   | Found a staircase to the Slime Pits.
 28748 | Lair:2   | Gained mutation: You passively map a small area around you. [potion of beneficial mutation]
 28749 | Lair:2   | Gained mutation: You can translocate small distances at will. [potion of beneficial mutation]
 28750 | Lair:2   | Gained mutation: You have a pair of large horns on your head. [potion of beneficial mutation]
 28965 | Orc:3    | Found a shimmering altar of Xom.
 29049 | Orc:4    | Entered Level 4 of the Orcish Mines
 29049 | Orc:4    | Found a staircase to the Elven Halls.
 29213 | Orc:4    | Found Aloashuani's Magic Scroll Shop.
 29620 | Orc:4    | Found Xunwaara's Distillery.
 29625 | Orc:4    | Bought a scroll of identify for 26 gold pieces
 29625 | Orc:4    | Bought a scroll of identify for 26 gold pieces
 29625 | Orc:4    | Bought a scroll of identify for 26 gold pieces
 29625 | Orc:4    | Bought a scroll of remove curse for 39 gold pieces
 29625 | Orc:4    | Bought a scroll of remove curse for 39 gold pieces
 29628 | Orc:4    | Found Stazxiza's Jewellery Boutique.
 29629 | Orc:4    | Xunwaara's Distillery was a mimic.
 29632 | Orc:4    | Found Utuh's Magic Scroll Boutique.
 29641 | Orc:4    | Paralysed by an orc sorcerer for 6 turns
 29653 | Orc:4    | Bought the ring of Shionamn {rPois MP+9 Dam+4 Stlth--} for 672 gold pieces
 29729 | Orc:4    | Received a gift from Trog
 30137 | Orc:4    | Found Heh Teap's Food Boutique.
 30143 | Orc:4    | Bought a bread ration for 57 gold pieces
 30143 | Orc:4    | Bought a bread ration for 57 gold pieces
 30143 | Orc:4    | Bought a bread ration for 57 gold pieces
 30143 | Orc:4    | Bought a bread ration for 57 gold pieces
 30153 | Orc:4    | Received a gift from Trog
 30399 | Elf:1    | Entered Level 1 of the Elven Halls
 30608 | Elf:1    | Reached skill level 15 in Armour
 31390 | Snake:1  | Entered Level 1 of the Snake Pit
 31405 | Snake:1  | Got a faintly glowing scale mail
 31407 | Snake:1  | Identified the +5 scale mail of Liberalism {MR++ Acc+4} (You found it on level 1 of the Snake Pit)
 31619 | Snake:1  | Noticed Urug
 31627 | Snake:1  | Killed Urug
 31627 | Snake:1  | Reached XP level 16. HP: 106/158 MP: 6/6
 31789 | Snake:1  | Received a gift from Trog
 32396 | Snake:2  | Noticed Vashnia
 32423 | Snake:2  | Killed Vashnia
 32730 | Snake:2  | Received a gift from Trog
 34013 | Snake:4  | Received a gift from Trog
 34028 | Snake:4  | Got an ancient dire flail {god gift}
 34308 | Snake:4  | Identified the +3,+12 dire flail of Chagrin {crush, +Inv} (Trog gifted it to you on level 4 of the Snake Pit)
 35433 | Depths:1 | Entered Level 1 of the Depths
 35569 | Depths:1 | Reached skill level 21 in Fighting
 35671 | Depths:1 | Received a gift from Trog
 35741 | Depths:1 | Reached XP level 17. HP: 47/173 MP: 6/6
 36488 | Depths:1 | Paralysed by a giant eyeball for 4 turns
 36573 | Depths:1 | Received a gift from Trog
 36727 | Depths:1 | Found a gateway to Hell.
 37430 | Depths:2 | Received a gift from Trog
 37883 | Depths:2 | Noticed a lich
 37907 | Depths:2 | Killed from afar by a frost giant

Action                   |  1- 3 |  4- 6 |  7- 9 | 10-12 | 13-15 | 16-18 || total
-------------------------+-------+-------+-------+-------+-------+-------++-------
Melee: Mace              |    88 |    13 |       |       |       |       ||   101
       Morningstar       |       |   157 |   293 |       |       |       ||   450
       Dire flail        |       |       |   130 |   845 |   516 |    34 ||  1525
       Whip              |       |       |       |     5 |       |       ||     5
       Shillelagh        |       |       |       |       |   643 |   450 ||  1093
Invok: Burn Spellbooks   |     1 |     1 |     1 |     1 |     6 |     4 ||    14
       Berserk           |       |     1 |     3 |     7 |     8 |     2 ||    21
  Use: Scroll            |     6 |     3 |     9 |    15 |    14 |     4 ||    51
       Potion            |       |       |     2 |       |     5 |     2 ||     9
